 Dungeon Crawl Stone Soup version 0.26-b1-52-g61e05abef2 (webtiles) character file.

Game seed: 16798272954273401959

58790 teolandon225 the Severer (level 14, -6/130 HPs)
             Began as a Minotaur Berserker on Jan 7, 2021.
             Was an Elder of Trog.
             Mangled by an orc warrior
             ... wielding a +3 long sword of holy wrath
              (12 damage)
             ... on level 2 of the Orcish Mines.
             The game lasted 01:18:08 (22057 turns).

teolandon225 the Severer (Minotaur Berserker)      Turns: 22057, Time: 01:18:09

Health: -6/130     AC: 16    Str: 42    XL:     14   Next: 50%
Magic:  13/13      EV: 18    Int:  4    God:    Trog [****..]
Gold:   1065       SH:  5    Dex: 11    Spells: 13/13 levels left

rFire    . . .     SeeInvis .   Z - +8 frozen axe "Frostbite" {freezing cloud, *Noise +Fly rC+}
rCold    + . .     Faith    .   (shield currently unavailable)
rNeg     . . .     Spirit   .   k - +4 ring mail of Rasaim {rPois Will+ Str+4}
rPois    +         Reflect  +   (helmet restricted)
rElec    .         Harm     +   M - scarf {harm}
rCorr    .         Rampage  .   l - +1 pair of gloves
Will     ++...                  x - +0 pair of boots
Stlth    +.........             e - amulet of reflection
HPRegen  0.31/turn              G - +6 ring of strength
MPRegen  0.13/turn              P - +6 ring of strength

@: about to teleport, berserk cooldown, slowed, very slow
A: retaliatory headbutt, horns 2
a: Renounce Religion, Evoke Flight, Berserk, Trog's Hand, Brothers in Arms


You were on level 2 of the Orcish Mines.
You worshipped Trog.
Trog was greatly pleased with you.
You visited 3 branches of the dungeon, and saw 19 of its levels.
You also visited: Ossuary.

You collected 1628 gold pieces.
You spent 563 gold pieces at shops.

Inventory:

Hand Weapons
 a - a +0 hand axe
 b - the +6 great sword of Yrig {flame, Str+4 SInv}
   (Trog gifted it to you on level 9 of the Dungeon)

   It has been specially enchanted to burn those struck by it, causing extra
   injury to most foes and up to half again as much damage against particularly
   susceptible opponents.
   Big, fiery blades are also staple armaments of hydra-hunters.
   It affects your strength (+4).
   It lets you see invisible.
 i - a +1 antimagic hand axe
 q - the +2 battleaxe of Dumuclai {freeze, rC+ Str+5}
   (You acquired it on level 4 of the Lair of Beasts)

   It has been specially enchanted to freeze those struck by it, causing extra
   injury to most foes and up to half again as much damage against particularly
   susceptible opponents.
   It can also slow down cold-blooded creatures.
   It affects your strength (+5).
   It protects you from cold.
 C - a +1 battleaxe of venom
 R - the +5 broad axe of Slime {holy, rElec rF++ Int-3 Stlth+}
   (You acquired it on level 1 of the Orcish Mines)

   It has been blessed by the Shining One to cause great damage to the undead
   and demons.
   It affects your intelligence (-3).
   It greatly protects you from fire.
   It insulates you from electricity.
   It makes you more stealthy.
 U - the +7 broad axe of Filigreed Guilt {venom, Str+4}
   (You found it on level 6 of the Lair of Beasts)

   It poisons the flesh of those it strikes.
   It affects your strength (+4).
 W - the +8 war axe of Precise Incision {vorpal, *Slow rF+ rN+ Str+4}
   (You found it on level 6 of the Lair of Beasts)

   It inflicts extra damage upon your enemies.
   It affects your strength (+4).
   It protects you from fire.
   It protects you from negative energy.
   It may slow you when you take damage.
 Y - a +3 battleaxe of flaming
 Z - the +8 frozen axe "Frostbite" (weapon) {freezing cloud, *Noise +Fly rC+}
   (You acquired it on level 1 of the Orcish Mines)

   It has been specially enchanted to freeze those struck by it, causing extra
   injury to most foes and up to half again as much damage against particularly
   susceptible opponents.
   It can also slow down cold-blooded creatures.
   It protects you from cold.
   It lets you fly.
   It may make noises in combat.
Armour
 k - the +4 ring mail of Rasaim (worn) {rPois Will+ Str+4}
   (You bought it in a shop on level 8 of the Dungeon)

   It affects your strength (+4).
   It protects you from poison.
   It affects your willpower, your defense against some magical effects.
 l - a +1 pair of gloves (worn)
 u - a +0 plate armour
 x - a +0 pair of boots (worn)
 B - a +0 chain mail
 L - the +5 ring mail of the Pit {rElec Will+++ Dex-3 Slay+5}
   (You found it on level 3 of the Lair of Beasts)

   It affects your dexterity (-3).
   It affects your accuracy and damage with ranged weapons and melee attacks
   (+5).
   It insulates you from electricity.
   It affects your willpower, your defense against some magical effects.
 M - a scarf of harm (worn)
Jewellery
 e - an amulet of reflection (around neck)
 h - an uncursed ring of see invisible
 s - an uncursed amulet of guardian spirit
 t - an uncursed ring of ice
 z - an uncursed ring of magical power
 F - an uncursed ring of resist corrosion
 G - a +6 ring of strength (left hand)
 P - a +6 ring of strength (right hand)
 X - a cursed -4 ring of evasion
Wands
 f - a wand of paralysis (20)
 n - a wand of flame (46)
 p - a wand of random effects (77)
 r - a wand of disintegration (20)
 E - a wand of acid (15)
 J - a wand of iceblast (26)
 S - a wand of enslavement (11)
Scrolls
 c - 5 scrolls of magic mapping
 d - a scroll of identify
 g - 2 scrolls of teleportation
 y - 8 scrolls of remove curse
 A - 5 scrolls of fog
 K - a scroll of holy word
 N - 3 scrolls of enchant weapon
 Q - a scroll of summoning
 T - a scroll of enchant armour
Potions
 j - 6 potions of lignification
 m - 5 potions of might
 o - 3 potions of curing
 v - 4 potions of haste
 D - 3 potions of mutation
 H - a potion of berserk rage
 I - a potion of resistance
 O - a potion of flight
 V - 2 potions of magic


   Skills:
 + Level 13.9 Fighting
 * Level 18.4 Axes
 + Level 13.7 Armour
 + Level 12.7 Dodging


You had 13 spell levels left.
You didn't know any spells.
Your spell library was empty.

Dungeon Overview and Level Annotations

Branches:
Dungeon (11/15)            Temple (0/1) D:5            Lair (6/6) D:11
 Shoals (0/4) Lair:3        Snake (0/4) Lair:2        Slime (0/5) Lair:5
    Orc (2/2) D:9         Ossuary (visited)
    Elf: Orc:2

Altars:
Zin
Jiyva

Shops:
D:4 (!??*   D:6 [   D:8 [   Orc:1 *

Portals:
Abyss: D:5 Lair:2
Trove: D:11 (give 8 scrolls of fear)

Annotations:
D:5 exclusion: oklob sapling
D:7 exclusion: 2 downstairs
D:9 exclusion: obsidian statue
Orc:1 exclusion: downstairs


Innate Abilities, Weirdness & Mutations

You reflexively headbutt those who attack you in melee.
You have a pair of horns on your head.


Message History

* * * LOW HITPOINT WARNING * * *
The orc warrior shoots a bolt.
The bolt hits you!!
* * * LOW HITPOINT WARNING * * *
You see here 2 bolts.
What are your orders? t - Shout!
Orders for allies: a - Attack new target. r - Retreat! s - Stop attacking. g - Guard the area. f - Follow me.
Anything else - Cancel.
Okay, then.
As you read the scroll of fog, it crumbles to dust.
The scroll dissolves into smoke.
The orc shoots a bolt.
The bolt completely misses you.
The orc shoots a bolt.
The bolt closely misses you.
The orc warrior shoots a bolt.
The bolt hits you!
* * * LOW HITPOINT WARNING * * *
As you read the scroll of teleportation, it crumbles to dust.
You feel strangely unstable.
The orc shoots a bolt.
The bolt barely misses you.
The orc warrior hits you with a +3 long sword of holy wrath!
You die...

#....## ....##########. #
##....###....#.#(#.##..
##.#.#....#(...^..((...##.
#....(.(......(.(.<.$..#..
..#................#(..##..
....o.((§..§§......(####...
.......°.##§o......(## ##).
........§o§§§.....(.(###().
........§§@§........)o)(().
...o..(.§§§§§........(o)..(
.##..##.§§###...##..##o)##.
......≈≈# #≈≈.....)...o##
......≈≈≈# #≈≈≈.......oo.#
..≈≈≈≈# ≈≈≈≈.......(.
≈≈≈≈## ##≈≈≈≈......#
##≈≈≈≈.....# ............


You could see an orc warrior and an orc.

Vanquished Creatures
  5 dire elephants
  An ettin (Orc:1)
  The ghost of Haxyobbu the Fighter, a journeyman MiFi of Okawaru (Lair:2)
  Josephine (Lair:6)
  Erolcha (D:11)
  6 hydras
  A vault guard (D:11)
  2 catoblepae (Lair:5)
  An anaconda (Lair:6)
  3 death yaks (Lair:5)
  2 two-headed ogres
  An orc high priest (Orc:2)
  A hell hog (Lair:2)
  Sonja (Lair:2)
  A fire crab (Lair:5)
  An unseen horror (D:9)
  A wolf spider zombie (D:9)
  An orc knight (Orc:2)
  An ugly thing (D:11)
  6 black mambas
  13 elephants
  A smoke demon (Lair:2)
  8 cane toads
  A rime drake (Lair:5)
  8 komodo dragons
  4 trolls
  A polar bear (Lair:1)
  A raiju (Lair:2)
  25 blink frogs
  A vampire (D:9)
  5 wraiths
  4 wyverns
  36 yaks
  Eustachio (D:6)
  A spriggan (Lair:2)
  2 basilisks
  The ghost of radhat240 the Skirmisher, an amateur DsCK of Xom (D:3)
  Edmund (D:6)
  6 wargs
  A naga (Lair:2)
  15 water moccasins
  A small abomination (D:5)
  A sky beast (D:7)
  23 orc warriors
  2 black bears
  4 ice beasts
  An eye of draining (D:9)
  A necrophage (D:11)
  7 ogres
  5 wolves (Lair:5)
  18 centaurs
  A big kobold (D:5)
  16 bullfrogs
  A gnoll sergeant (D:7)
  A water moccasin zombie (Ossuary)
  4 scorpions
  3 wights (D:11)
  6 killer bees (D:8)
  6 howler monkeys
  An electric eel (Lair:2)
  2 crimson imps (D:5)
  A bullfrog zombie (D:10)
  3 hounds
  3 jellies
  A quasit (D:10)
  6 orc priests
  2 bullfrog skeletons
  2 iguanas
  3 centaur skeletons
  Ijyb (D:3)
  8 worker ants
  18 orc wizards
  3 big kobold zombies (Ossuary)
  The ghost of Snicker the Sneak, a weakling DsDe (D:5)
  2 hound skeletons
  2 mummies (Ossuary)
  8 gnolls
  7 adders
  3 shadow imps
  5 white imps
  An ufetubus (D:5)
  An ooze (D:1)
  5 adder zombies (Ossuary)
  A worm (D:2)
  3 dart slugs
  3 leopard geckos
  62 orcs
  2 ball pythons
  6 bats
  3 giant cockroaches
  6 gnoll zombies (Ossuary)
  10 goblins
  7 hobgoblins
  29 jackals
  4 kobolds
  7 quokkas
  3 frilled lizards
  4 hobgoblin zombies (Ossuary)
  A jackal skeleton (D:4)
  6 kobold zombies (Ossuary)
  A leopard gecko skeleton (D:8)
  An orc zombie (Ossuary)
  A quokka skeleton (D:4)
  6 rats
  A plant (Lair:5)
531 creatures vanquished.

Vanquished Creatures (collateral kills)
  Snorg (D:10)
  2 hydras (Lair:2)
  An ugly thing (Lair:2)
  An elephant (Lair:6)
  An ancient zyme (Lair:2)
  A wraith (Lair:6)
  3 orc warriors
  An adder (D:10)
  An orc (Orc:2)
12 creatures vanquished.

Vanquished Creatures (others)
  An orc (D:8)
  22 fungi
  67 plants
  2 withered plants (D:3)
92 creatures vanquished.

Grand Total: 635 creatures vanquished

Notes
Turn   | Place    | Note
-------+----------+-------------------------------------------
     0 | D:1      | teolandon225 the Minotaur Berserker began the quest for the
                  | Orb.
     0 | D:1      | Reached XP level 1. HP: 19/19 MP: 0/0
   118 | D:1      | Reached skill level 4 in Axes
   118 | D:1      | Reached XP level 2. HP: 24/27 MP: 1/1
   965 | D:2      | Reached XP level 3. HP: 28/33 MP: 2/2
  1014 | D:2      | Reached ** piety under Trog
  1018 | D:2      | Found a faded altar of an unknown god.
  1761 | D:2      | Reached XP level 4. HP: 32/40 MP: 3/3
  2123 | D:3      | Reached skill level 5 in Axes
  2390 | D:3      | Reached XP level 5. HP: 47/47 MP: 4/4
  2533 | D:3      | Found a runed translucent door.
  2534 | D:3      | Noticed radhat240's ghost (amateur DsCK)
  2708 | D:3      | Noticed Ijyb
  2715 | D:3      | Reached *** piety under Trog
  2718 | D:3      | Killed Ijyb
  3052 | D:3      | Killed radhat240's ghost
  3053 | D:3      | Reached skill level 5 in Fighting
  3053 | D:3      | Reached skill level 6 in Axes
  3053 | D:3      | Reached XP level 6. HP: 56/56 MP: 5/5
  3092 | D:4      | Found Jitism's General Store.
  3106 | D:4      | Bought a potion of curing for 33 gold pieces
  3106 | D:4      | Bought a scroll of magic mapping for 38 gold pieces
  3623 | D:4      | Found Ihawn's Magic Scroll Shoppe.
  3631 | D:4      | Found Honoscha's Distillery.
  3701 | D:4      | Found Eladoum's Antique Weapon Shop.
  3889 | D:4      | Found Otweakh's Magic Scroll Shoppe.
  4042 | D:5      | Entered Level 5 of the Dungeon
  4054 | D:5      | Reached XP level 7. HP: 56/61 MP: 6/6
  4226 | D:5      | Found a staircase to the Ecumenical Temple.
  4434 | D:5      | Found a transporter.
  4448 | D:5      | Found a transporter.
  4526 | D:5      | Reached skill level 7 in Axes
  4714 | D:5      | Reached skill level 5 in Armour
  5013 | D:5      | Found a one-way gate to the infinite horrors of the Abyss.
  5027 | D:5      | Reached skill level 8 in Axes
  5027 | D:5      | Reached skill level 5 in Dodging
  5027 | D:5      | Reached XP level 8. HP: 70/70 MP: 7/7
  5031 | D:5      | Noticed Snicker's ghost (weakling DsDe)
  5042 | D:5      | Killed Snicker's ghost
  5253 | D:6      | Found a sand-covered staircase.
  5255 | D:6      | Noticed Edmund
  5267 | D:6      | Killed Edmund
  5274 | Ossuary  | Entered an ossuary
  5360 | Ossuary  | Reached skill level 9 in Axes
  5395 | Ossuary  | Reached **** piety under Trog
  5668 | D:6      | Noticed Eustachio
  5675 | D:6      | Killed Eustachio
  5774 | D:6      | Found Mamn's Armour Boutique.
  5847 | D:6      | Reached XP level 9. HP: 64/79 MP: 2/8
  6235 | D:7      | Found a glowing silver altar of Zin.
  6735 | D:7      | Reached skill level 10 in Axes
  7329 | D:8      | Reached skill level 11 in Axes
  7448 | D:8      | Reached ***** piety under Trog
  7577 | D:8      | Found Uvucetzem's Armour Emporium.
  8313 | D:9      | Reached XP level 10. HP: 90/90 MP: 3/9
  8438 | D:9      | Found a staircase to the Orcish Mines.
  8936 | D:9      | Noticed an unseen horror
  8940 | D:9      | Noticed an obsidian statue
  8958 | D:9      | Killed an unseen horror
  8959 | D:9      | Reached skill level 12 in Axes
  9049 | D:9      | Received a gift from Trog
  9057 | D:9      | Got a faintly glowing great sword {god gift}
  9057 | D:9      | Identified the +6 great sword of Yrig {flame, Str+4 SInv}
                  | (Trog gifted it to you on level 9 of the Dungeon)
  9526 | D:9      | Noticed a two-headed ogre
  9559 | D:9      | Killed a two-headed ogre
  9958 | D:9      | Reached XP level 11. HP: 99/99 MP: 3/10
 10115 | D:9      | Reached skill level 13 in Axes
 10513 | D:10     | Entered Level 10 of the Dungeon
 10545 | D:10     | Noticed Snorg
 10551 | D:10     | Killed Snorg
 10700 | D:10     | Noticed a two-headed ogre
 10708 | D:10     | Killed a two-headed ogre
 10709 | D:10     | Reached skill level 10 in Fighting
 11363 | D:11     | Noticed a cyan ugly thing
 11377 | D:11     | Killed a cyan ugly thing
 11378 | D:11     | Reached skill level 10 in Armour
 11593 | D:11     | Found a staircase to the Lair.
 11722 | D:11     | Noticed an unseen horror
 11842 | D:11     | Noticed Erolcha
 11854 | D:11     | Killed Erolcha
 11886 | D:11     | Noticed a vault guard
 11891 | D:11     | Killed a vault guard
 11892 | D:11     | Reached skill level 14 in Axes
 11898 | D:11     | Found a portal to a secret trove of treasure.
 12069 | Lair:1   | Entered Level 1 of the Lair of Beasts
 12201 | Lair:1   | Noticed a five-headed hydra
 12210 | Lair:1   | Killed an eight-headed hydra
 12808 | Lair:2   | Reached XP level 12. HP: 103/110 MP: 11/11
 12814 | Lair:2   | Noticed a hell hog
 13095 | Lair:2   | Reached skill level 10 in Dodging
 13177 | Lair:2   | Found a transporter.
 13177 | Lair:2   | Noticed Haxyobbu's ghost (journeyman MiFi)
 13182 | Lair:2   | Identified the +10 rapier of Exquisite Torment {distort,
                  | rF+}
 13192 | Lair:2   | Found a transporter.
 13251 | Lair:2   | Found a staircase to the Snake Pit.
 13251 | Lair:2   | Noticed an eight-headed hydra
 13533 | D:8      | Bought the +4 ring mail of Rasaim {rPois Will+ Str+4} for
                  | 492 gold pieces
 13663 | Lair:2   | You fall into a shaft and drop 1 floor!
 13706 | Lair:2   | Noticed a five-headed hydra
 13710 | Lair:2   | Killed a six-headed hydra
 13711 | Lair:2   | Reached skill level 15 in Axes
 13934 | Lair:2   | Noticed Sonja
 13941 | Lair:2   | Killed Sonja
 14196 | Lair:2   | Killed an 11-headed hydra
 14314 | Lair:2   | Killed a hell hog
 14511 | Lair:2   | Killed Haxyobbu's ghost
 15162 | Lair:3   | Got an ichor-stained ring mail
 15163 | Lair:3   | Identified the +5 ring mail of the Pit {rElec Will+++ Dex-3
                  | Slay+5} (You found it on level 3 of the Lair of Beasts)
 15177 | Lair:3   | Reached skill level 16 in Axes
 15301 | Lair:3   | Noticed a six-headed hydra
 15307 | Lair:3   | Killed a nine-headed hydra
 15537 | Lair:3   | Found a staircase to the Shoals.
 15865 | Lair:4   | Noticed a seven-headed hydra
 15868 | Lair:4   | Killed a nine-headed hydra
 15869 | Lair:4   | Reached XP level 13. HP: 82/118 MP: 12/12
 16307 | Lair:4   | Got a dull robe
 16576 | Lair:4   | Identified a scroll of acquirement
 16576 | Lair:4   | Acquired the +2 battleaxe of Dumuclai {freeze, rC+ Str+5}
 17398 | Lair:5   | Found a staircase to the Slime Pits.
 17400 | Lair:5   | Found a viscous altar of Jiyva.
 17419 | Lair:5   | Reached skill level 17 in Axes
 18113 | Lair:6   | Entered Level 6 of the Lair of Beasts
 18197 | Lair:6   | Noticed Josephine
 18205 | Lair:6   | Killed Josephine
 18715 | Lair:6   | Reached XP level 14. HP: 103/129 MP: 13/13
 18890 | Lair:6   | Got a dazzling broad axe
 18891 | Lair:6   | Identified the +7 broad axe of Filigreed Guilt {venom,
                  | Str+4} (You found it on level 6 of the Lair of Beasts)
 19548 | Lair:6   | Got a slimy war axe
 19551 | Lair:6   | Identified the +8 war axe of Precise Incision {vorpal,
                  | *Slow rF+ rN+ Str+4} (You found it on level 6 of the Lair
                  | of Beasts)
 19894 | Lair:6   | Reached skill level 18 in Axes
 20468 | Orc:1    | Entered Level 1 of the Orcish Mines
 20633 | Orc:1    | Received a gift from Trog
 20638 | Orc:1    | Identified the +2 robe of Responsibility {+Inv Will- MP+9
                  | Int+8} (You found it on level 4 of the Lair of Beasts)
 20690 | Orc:1    | Found Ipteog Uki's Assorted Antiques.
 21420 | Orc:1    | Acquired the +5 broad axe of Slime {holy, rElec rF++ Int-3
                  | Stlth+}
 21421 | Orc:1    | Acquired the +8 frozen axe "Frostbite" {freezing cloud,
                  | *Noise +Fly rC+}
 21422 | Orc:1    | Found the +8 frozen axe "Frostbite" {freezing cloud, *Noise
                  | +Fly rC+}
 21457 | Orc:2    | Entered Level 2 of the Orcish Mines
 22055 | Orc:2    | HP: 5/130 [orc warrior/bolt (14)]
 22057 | Orc:2    | Mangled by an orc warrior

Illustrated notes

Levels and vault maps discovered:
D:1:      scummos_arrival_simple_fountains, layout_basic, nrook_mini_vaults
D:2:      layout_loops_ring, chequers_ecumenical_altar_simple_redux
D:3:      kennysheep_goblin_castle, layout_basic, gammafunk_ghost_grave
D:4:      layout_loops_ring, serial_shops, shop, kennysheep_mini,
          nicolae_shop_window_shopping, shop, shop,
          amcnicky_mini_corridor_feature
D:5:      layout_loops_ring, minmay_temple_entry_oklob,
          gammafunk_ghost_abyssal_escape
D:6:      layout_basic, nicolae_ossuary_entry_ruins, serial_shops, shop,
          uniq_eustachio, uniq_edmund
D:7:      layout_loops_cross, lemuel_crystal_altar, minmay_manual_mares
D:8:      layout_rooms, serial_shops, kennysheep_little_box
D:9:      layout_irregular_city, erik_orc_3, serial_rivers,
          chequers_serial_rivers_large_a, chequers_serial_rivers_micro_b,
          chequers_serial_rivers_small_3, chequers_serial_rivers_room_b,
          chequers_serial_rivers_large_b, minivault_16
D:10:     layout_roguey, uniq_snorg
D:11:     layout_rooms, david_lair_shrubbed, enter_trove_5, kennysheep_dice,
          uniq_erolcha
Lair:1:   layout_big_grid, grunt_megastairs_1
Lair:2:   layout_hall_layers, minmay_snake_entry_guardpost_small, serial_rivers,
          chequers_serial_rivers_room_b, chequers_serial_rivers_micro_c,
          chequers_serial_rivers_micro_d, chequers_serial_rivers_marsh,
          gammafunk_ghost_abyssal_escape, serial_bayou_shore_a, uniq_sonja
Lair:3:   layout_gridlike, elwin_shoals_entry_rooms, infiniplex_staircase_pool_2
Lair:4:   layout_roguey
Lair:5:   beast_lair_carwin_large_4, layout_loops_ring, slime_altar_1,
          minivault_19, small_statue_intersection
Lair:6:   due_jungle_book, layout_concentric_octagons, serial_forest,
          infiniplex_forest_zigzag_1, infiniplex_forest_straight_2,
          infiniplex_forest_lined_room_2, infiniplex_forest_clump_cross,
          infiniplex_forest_clump_long, infiniplex_forest_lined_corner,
          infiniplex_forest_clump_curved, infiniplex_forest_lined_corner,
          uniq_josephine
Orc:1:    layout_diamond_mine, serial_shops,
          nicolae_shop_temple_entry_statues_fountains, nicolae_orc_stony_grotto,
          nooodl_orcs_dogs
Orc:2:    st_orc_rangers, layout_caves, ebering_ghost_disaster_area

Skill      XL: |  1  2  3  4  5  6  7  8  9 10 11 12 13 14 |
---------------+-------------------------------------------+-----
Axes           | 4 5 6 8 9 11 12 14 16 17 18 | 18.4
Fighting       | 4 5 6 7 8 9 11 12 13 | 13.9
Armour         | 3 4 5 6 8 9 10 12 13 | 13.7
Dodging        | 3 4 5 6 7 8 9 11 12 | 12.7

Action                   |  1- 3 |  4- 6 |  7- 9 | 10-12 | 13-15 || total
-------------------------+-------+-------+-------+-------+-------++-------
Melee: Hand axe          |    77 |   120 |   399 |   328 |       ||   924
       Headbutt          |    11 |    15 |    73 |   133 |    69 ||   301
       Battleaxe         |       |       |       |   184 |   260 ||   444
       Executioner's axe |       |       |       |       |    45 ||    45
Invok: Berserk           |       |     6 |    14 |    24 |    13 ||    57
       Trog's Hand       |       |     1 |     4 |     7 |     6 ||    18
       Brothers in Arms  |       |       |       |     8 |     5 ||    13
  Use: Scroll            |       |    10 |    12 |     8 |    24 ||    54
       Potion            |       |       |       |    10 |     2 ||    12
 Stab: Sleeping          |     2 |       |       |       |       ||     2
Armor: Animal skin       |    15 |    24 |       |       |       ||    39
       Leather armour    |       |     6 |       |       |       ||     6
       Ring mail         |       |    12 |    31 |    27 |    93 ||   163
       Chain mail        |       |       |   116 |   134 |       ||   250
       Skin              |       |       |       |     5 |       ||     5
Dodge: Dodged            |    60 |    89 |   172 |   251 |   249 ||   821
Block: Other             |       |       |    35 |    91 |    80 ||   206
       Reflection        |       |       |     3 |     3 |    18 ||    24
